 Dungeon Crawl Stone Soup version 0.28.0-53-g5a82cb258f (webtiles) character file.

Game seed: 11032946837783306967

20 gobodom the Ducker (level 2, -2/22 HPs)
             Began as a Demonspawn Gladiator on June 8, 2022.
             Killed from afar by Natasha (6 damage)
             ... with a magic dart
             ... on level 2 of the Dungeon.
             The game lasted 00:03:41 (1279 turns).

gobodom the Ducker (Demonspawn Gladiator)           Turns: 1279, Time: 00:03:46

Health: -2/22      AC:  4    Str: 14    XL:     2   Next: 58%
Magic:  2/2        EV: 12    Int:  9    God:
Gold:   38         SH:  0    Dex: 14    Spells: 1/1 levels left

rFire   . . .      SeeInvis .   a - +0 war axe
rCold   . . .      Faith    .   (no shield)
rNeg    . . .      Spirit   .   b - +0 leather armour
rPois   .          Reflect  .   c - +0 helmet
rElec   .          Harm     .   (no cloak)
rCorr   .          Rampage  .   (no gloves)
Will    .....                   (no boots)
Stlth   +.........              (no amulet)
HPRegen 0.07/turn               (no ring)
MPRegen 0.16/turn               (no ring)

@: no status effects
A: magic regeneration
a: no special abilities


You were on level 2 of the Dungeon.
You visited 1 branch of the dungeon, and saw 2 of its levels.

You collected 38 gold pieces.

Inventory:

Hand Weapons
 a - a +0 war axe (weapon)
Missiles
 d - 3 throwing nets
 f - 6 poisoned darts
 g - 18 stones (quivered)
Armour
 b - a +0 leather armour (worn)
 c - a +0 helmet (worn)
Scrolls
 h - a scroll of amnesia {unknown}
 j - a scroll of teleportation {unknown}
 k - a scroll of identify {unknown}
Potions
 e - a potion of curing {unknown}
 i - 2 potions of heal wounds {unknown}


   Skills:
 + Level 2.0 Fighting
 + Level 3.0 Axes
 + Level 1.8 Throwing
 + Level 0.2 Armour
 + Level 3.2 Dodging


You had one spell level left.
You didn't know any spells.
Your spell library was empty.

Dungeon Overview and Level Annotations

Branches:
Dungeon (2/15)

Altars:

Annotations:
D:2 Natasha


Innate Abilities, Weirdness & Mutations

You regenerate magic rapidly.


Message History

The bat hits you but does no damage. The bat hits you. The bat hits you.
You see here a scroll labelled OBAMUIJUFO.
You closely miss the bat. Your punch misses the bat.
The bat is severely wounded.
The bat hits you but does no damage. The bat misses you.
The bat barely misses you. The bat misses you. The bat barely misses you.
The bat closely misses you.
You slash the bat!
You kill the bat!
j - a scroll labelled OBAMUIJUFO
k - a scroll labelled WACACO LUBAKOO HP restored.
You open the door.
Natasha and a hobgoblin come into view.
Natasha hisses angrily.
The hobgoblin shouts!
Natasha casts a spell at you. The magic dart hits you.
Found a stone staircase leading up.
Natasha casts a spell at you. The magic dart hits you.
There is an open door here.
You barely miss Natasha. Natasha claws you.
You hit Natasha.
Natasha is moderately wounded.
You hit the hobgoblin but do no damage. The hobgoblin misses you.
Natasha claws you.
* * * LOW HITPOINT WARNING * * *
The hobgoblin hits you.
* * * LOW HITPOINT WARNING * * *
Natasha misses you.
Throw: 19 stones
Press: ? - help, Q - select action, (/) - cycle Shift-Dir - straight line, f - Natasha
Aim: Natasha (moderately wounded, 51% to hit)
You throw a stone. The stone closely misses Natasha.
Natasha casts a spell at you. The magic dart hits you.
You die...

#. #. #+## #####.##
#...# #......##
#...<. #. #...##
#......
#.####...####.......
#..........('g......
#..........h#.......
#.......##.@##......
##..##.###..# #.....
#..##†.##..# #...#
#)<###.##..# #+##
#..# .##..# #....
.....# ##..........
#####.###.# .#


You could see Natasha.

Vanquished Creatures
  2 ball pythons (D:1)
  3 endoplasms (D:1)
  2 goblins (D:1)
  A hobgoblin (D:1)
  3 quokkas (D:1)
  2 bats
  A frilled lizard (D:1)
  2 kobolds (D:1)
  3 rats (D:1)
19 creatures vanquished.

Notes
Turn   | Place    | Note
-------+----------+-------------------------------------------
     0 | D:1      | gobodom the Demonspawn Gladiator began the quest for the
                  | Orb.
     0 | D:1      | Reached XP level 1. HP: 16/16 MP: 1/1
   463 | D:1      | Gained mutation: You regenerate magic rapidly. [demonic
                  | ancestry]
   463 | D:1      | Reached XP level 2. HP: 22/22 MP: 2/2
  1273 | D:2      | Noticed Natasha
  1279 | D:2      | Killed from afar by Natasha

Illustrated notes

Levels and vault maps discovered:
D:1:      dpeg_arrival_stonehenge_12_columns, layout_basic, due_unseen_surprise
D:2:      layout_loops_corners, uniq_natasha

Skill      XL: |  1  2 |
---------------+-------+-----
Dodging        | 3 |  3.2
Axes           | 3 |  3.0
Fighting       | |  2.0
Throwing       | |  1.8
Armour         | |  0.2

Action                   || total
-------------------------++-------
Melee: War axe           ||    52
       Punch             ||     1
Throw: Stone             ||    12
       Throwing net      ||     1
Armor: Leather armour    ||    15
Dodge: Dodged            ||    51
